 Dungeon Crawl Stone Soup version 0.23.0 (console) character file.

Game seed: 11234591870340356339

475 erker the Chopper (level 6, -7/55 HPs)
             Began as a Deep Dwarf Gladiator on Feb 8, 2019.
             Mangled by an orc warrior
             ... wielding a +0 dire flail
              (13 damage)
             ... on level 3 of the Dungeon on Feb 9, 2019.
             The game lasted 00:14:30 (2831 turns).

erker the Chopper (Deep Dwarf Gladiator)            Turns: 2831, Time: 00:14:32

Health: -7/55      AC: 14    Str: 20    XL:     6   Next: 84%
Magic:  7/7        EV:  9    Int:  8    God:
Gold:   221        SH:  0    Dex: 14    Spells: 5/5 levels left

rFire    . . .     SeeInvis .   a - +0 war axe
rCold    . . .     Gourm    .   (no shield)
rNeg     . . .     Faith    .   w - +0 chain mail
rPois    .         Spirit   .   p - +0 helmet
rElec    .         Reflect  .   r - +2 cloak {+Inv}
rCorr    .         Harm     .   n - +0 pair of gloves
MR       .....                  (no boots)
Stlth    ..........             (no amulet)
HPRegen  0.00/turn              v - ring of stealth
MPRegen  0.10/turn              (no ring)

@: very slightly contaminated, non-regenerating
A: damage resistance, heal wounds, sense surroundings 1, no regeneration
a: Heal Wounds, Evoke Invisibility


You were on level 3 of the Dungeon.
You were near starving.

You visited 1 branch of the dungeon, and saw 4 of its levels.

You collected 221 gold pieces.

Inventory:

Hand Weapons
 a - a +0 war axe (weapon)
 b - a +0 blowgun
Missiles
 i - 29 poisoned needles
Armour
 n - a +0 pair of gloves (worn)
 p - a +0 helmet (worn)
 r - a +2 cloak of invisibility (worn)
 w - a +0 chain mail (worn)
Jewellery
 k - an uncursed ring of ice
 v - a ring of stealth (left hand)
Scrolls
 e - a scroll of enchant armour {unknown}
 m - 2 scrolls of blinking
 u - a scroll of random uselessness {unknown}
 x - a scroll of teleportation {unknown}
Potions
 c - a potion of heal wounds
 g - a potion of agility
 h - 5 potions of curing
 l - a potion of degeneration {unknown}
 o - a potion of flight {unknown}
Comestibles
 f - 8 rations


   Skills:
 + Level 2.9 Fighting
 + Level 6.3 Axes
 - Level 1.7 Throwing
 + Level 2.4 Armour
 + Level 4.4 Dodging
 * Level 2.8 Evocations


You had 5 spell levels left.
You didn't know any spells.
Your spell library was empty.

Dungeon Overview and Level Annotations

Branches:
Dungeon (4/15)
 Temple: D:4-7

Altars:


Innate Abilities, Weirdness & Mutations

You are resistant to damage.
You can heal yourself by infusing magical energy.
You passively map a small area around you.
You do not regenerate.


Message History

The orc warrior is heavily wounded.
The orc warrior struggles against the net. x2
You slash the orc warrior!
The orc warrior is almost dead.
The orc warrior struggles against the net.
The net rips apart, and the orc warrior comes free!
You hit the orc warrior but do no damage.
The orc warrior is almost dead.
The orc warrior hits you with a +0 dire flail!
* * * LOW HITPOINT WARNING * * *
Your chain mail prevents you from hitting the orc warrior.
The orc warrior is almost dead.
The orc warrior barely misses you.
You closely miss the orc warrior.
The orc warrior is almost dead.
The orc warrior barely misses you.
You closely miss the orc warrior.
The orc warrior is almost dead.
The orc warrior hits you with a +0 dire flail!
You die...

..# ##.# #.....# #....#
..# #..####.....#
#....#
######.###.......#
#....#
...........#.....#
#....#
.#####.#####.....#
###....# ## #.#
#.########......# .#
#.# #.# ###....#....#
.### #.#
#.###.o.####.####
...###.# #.##.@### #..#
.#..##.# #.##.## #.##
..#.##.# #.##.# #.#
#.#.##.# ###....# ##.#
#.#..#.###...#### ##..#
#.##....[..#.# ##.<##
..##...####..######..##
.........##.###.....##
#.####...##.#
#.##########


You could see an orc warrior.

Vanquished Creatures
  An ogre (D:3)
  A hound (D:4)
  An orc priest (D:3)
  Crazy Yiuf (D:2)
  Jessica (D:2)
  2 orc wizards (D:4)
  2 worker ants (D:4)
  Robin (D:2)
  3 adders (D:4)
  3 oozes
  An adder skeleton (D:4)
  A worm (D:4)
  4 dart slugs (D:1)
  4 leopard geckos
  14 orcs
  A ball python (D:1)
  6 bats
  A giant cockroach (D:2)
  19 hobgoblins
  2 quokkas
  4 frilled lizards
  11 goblins
  11 kobolds
  A quokka skeleton (D:4)
  6 rats
102 creatures vanquished.

Notes
Turn   | Place    | Note
-------+----------+-------------------------------------------
     0 | D:1      | erker the Deep Dwarf Gladiator began the quest for the Orb.
     0 | D:1      | Reached XP level 1. HP: 19/19 MP: 1/1
    82 | D:1      | Reached XP level 2. HP: 21/26 MP: 2/2
   352 | D:1      | Reached skill level 4 in Axes
   429 | D:1      | Reached XP level 3. HP: 23/32 MP: 2/2
   882 | D:2      | Noticed Robin
   891 | D:2      | Killed Robin
   891 | D:2      | Reached skill level 1 in Armour
   891 | D:2      | Reached XP level 4. HP: 31/39 MP: 3/3
   949 | D:2      | Noticed Jessica
   953 | D:2      | Killed Jessica
  1466 | D:2      | Found a runed translucent door.
  1467 | D:2      | Noticed Crazy Yiuf
  1660 | D:2      | Killed Crazy Yiuf
  1660 | D:2      | Reached skill level 5 in Axes
  1660 | D:2      | Reached XP level 5. HP: 14/46 MP: 0/4
  1771 | D:3      | Noticed an ogre
  2175 | D:3      | Killed an ogre
  2175 | D:3      | Reached skill level 1 in Evocations
  2242 | D:3      | Reached XP level 6. HP: 24/55 MP: 6/6
  2402 | D:4      | Reached skill level 6 in Axes
  2600 | D:4      | Noticed an orc warrior
  2831 | D:3      | Mangled by an orc warrior

Skill      XL: |  1  2  3  4  5  6 |
---------------+-------------------+-----
Axes           | 4 5 6 |  6.3
Fighting       | 2 |  2.9
Armour         | 1 2 |  2.4
Dodging        | 4 |  4.4
Evocations     | 1 2 |  2.8
Throwing       | |  1.7

Action                   |  1- 3 |  4- 6 || total
-------------------------+-------+-------++-------
Melee: War axe           |   127 |   176 ||   303
 Fire: Blowgun           |       |    15 ||    15
Throw: Throwing net      |       |     5 ||     5
 Abil: Heal Wounds       |     2 |     4 ||     6
       Evoke Invisibilit |       |     5 ||     5
  Use: Scroll            |       |     7 ||     7
       Potion            |       |     1 ||     1
 Stab: Held in net/web   |       |     5 ||     5
       Sleeping          |       |     1 ||     1
       Invisible         |       |     1 ||     1
  Eat: Chunk             |       |     7 ||     7
Armor: Leather armour    |    39 |    22 ||    61
       Chain mail        |       |    78 ||    78
Dodge: Dodged            |    82 |   128 ||   210
